 Dungeon Crawl Stone Soup version 0.30-a0-737-gf23d94013f (webtiles) character file.

Game seed: 2282026479168767408

453 jimonade the Magician (level 7, 0/46 HPs)
             Began as a Djinni Hedge Wizard on Feb 2, 2023.
             Killed from afar by Duvessa (3 damage)
             ... with a puff of flame
             ... on level 4 of the Dungeon.
             The game lasted 00:07:23 (3706 turns).

jimonade the Magician (Djinni Hedge Wizard)         Turns: 3706, Time: 00:07:23

Health: 0/46       AC:  4    Str: 11    XL:     7   Next: 26%
Gold:   167        EV: 12    Int: 21    God:
                   SH:  0    Dex: 13

rFire   + + .      SeeInvis .    a - +2 rapier (distort)
rCold   x . .      Faith    .    (no shield)
rNeg    . . .      Spirit   .    z - +2 robe {Will+}
rPois   ∞          Reflect  .    c - +0 hat
rElec   .          Harm     .    (no cloak)
rCorr   .          Rampage  .    (no gloves)
Will    +....                    (boots unavailable)
Stlth   ++                       (no amulet)
HPRegen 0.27/turn                l - +6 ring of intelligence
MPRegen 0.00/turn                (no ring)

@: flying
A: sickness immunity, fire resistance 2, cold vulnerability 1, float, innate
caster, HP casting, extra vitality 1
a: no special abilities


You were on level 4 of the Dungeon.
You visited 1 branch of the dungeon, and saw 4 of its levels.

You collected 167 gold pieces.

Inventory:

Hand Weapons
 a - a +2 rapier of distortion (weapon)
Missiles
 q - a throwing net
 v - 3 poisoned darts
Armour
 c - a +0 hat (worn)
 k - a +0 leather armour
 m - a +0 ring mail
 r - a +0 robe
 w - a +0 plate armour of fire resistance
 x - a +0 ring mail
 z - a +2 robe of willpower (worn)
Jewellery
 l - a +6 ring of intelligence (left hand)
Wands
 y - a wand of paralysis (6)
 A - a wand of mindburst (18)
Scrolls
 g - 4 scrolls of poison {unknown}
 i - a scroll of silence {unknown}
 p - 4 scrolls of identify {unknown}
 B - a scroll of magic mapping {unknown}
 C - a scroll of blinking {unknown}
 D - a scroll of teleportation {unknown}
Potions
 d - a potion of magic
 e - a potion of ambrosia {unknown}
 f - a potion of attraction {unknown}
 h - 2 potions of curing {unknown}
 j - 2 potions of invisibility {unknown}
 o - a potion of haste {unknown}
 s - 2 potions of degeneration {unknown}
 t - a potion of might {unknown}
 u - a potion of heal wounds {unknown}
 F - a potion of resistance {unknown}
 G - a potion of lignification {unknown}


   Skills:
 + Level 0.3 Fighting
 + Level 2.5 Dodging
 - Level 1.5 Stealth
 * Level 5.8 Spellcasting


You had 2 spell levels left.
You knew the following spells:

 Your Spells              Type           Power      Damage    Failure   Level
a - Magic Dart            Conj           100%       1d8       1%          1
b - Slow                  Hex            100%       N/A       1%          1
c - Blink                 Tloc           60%        N/A       1%          2
d - Call Imp              Summ           30%        N/A       1%          2
e - Mephitic Cloud        Conj/Pois/Air  30%        N/A       2%          3
f - Sandblast             Erth           60%        2d14      1%          1
g - Poisonous Vapours     Pois/Air       60%        N/A       1%          2
h - Kindle Blastsparks    Fire/Tloc/Air  60%        2d15      2%          3
Your spell library was empty.

Dungeon Overview and Level Annotations

Branches:
Dungeon (4/15)
 Temple: D:4-7

Altars:
Qazlal

Annotations:
D:4 Dowan, Duvessa


Innate Abilities, Weirdness & Mutations

You are immune to sickness and miasma.
You are immune to poison.
Your flesh is very heat resistant. (rF++)
You are vulnerable to cold. (rC-)
You float through the air rather than walking.
You learn spells naturally, not from books.
Your magical power is your life essence.
You have superior vitality. (+4 MHP)


Message History

Things that are here:
a +0 dagger of speed; a +0 dagger; a +0 sling You barely miss the gnoll.
The gnoll hits you with a +0 club. The gnoll misses you.
The gnoll hits you from afar with a +0 spear!
The gnoll hits you with a +0 club.
You are too injured to fight recklessly!
Okay, then.
Casting: Poisonous Vapours (safe; 1% risk of failure)
Confirm with . or Enter, or press ? or * to list all spells.
You blink.
Duvessa hits you with a +0 short sword!
* * * LOW HITPOINT WARNING * * *
The gnoll hits you from afar with a +0 spear.
* * * LOW HITPOINT WARNING * * *
The gnoll hits you with a +0 spear.
* * * LOW HITPOINT WARNING * * *
The endoplasm freezes you.
You are frozen.
You feel a terrible chill!
* * * LOW HITPOINT WARNING * * *
Casting: Blink (safe; 1% risk of failure)
Confirm with . or Enter, or press ? or * to list all spells.
You don't have enough health to cast this spell.
Duvessa zaps a wand.
The puff of flame misses you.
Duvessa zaps a wand.
The puff of flame hits you. You resist.
* * * LOW HITPOINT WARNING * * *
The gnoll closely misses you. The endoplasm attacks as you move away!
The endoplasm completely misses you.
You feel stable enough to blink again. The endoplasm attacks as you move away!
The endoplasm hits you.
* * * LOW HITPOINT WARNING * * *
Dowan gestures wildly while chanting.
Dowan blinks!
Casting: Blink (safe; 1% risk of failure)
Confirm with . or Enter, or press ? or * to list all spells.
You don't have enough health to cast this spell.
Unknown command.
Unknown command.
The endoplasm attacks as you move away! The endoplasm misses you.
Duvessa zaps a wand.
The puff of flame hits you. You resist.
You die...

##... .....#..#### ..#
......#.......... ..#
#.# #.....#.##.#..# ...
... .......)J..ge.# #.#
#.# #.....#.##.#e.# #.#
#.# ......#.##.#..# #.#
#.# ###..<)g.e.#.J#
#.#####.# #.###g####..#
##.##..... #. #g#
#.@#####.#.....##.# #
#g# #........#..#####.#
#)####.########..#####.#
#.##...................#
#.##.#######.##..#######
#.##.# #.##..#
#.###.##.# #.....#
#........# #.###.#
########.# #.# #.#


You could see Duvessa (fast), Dowan, an endoplasm and a hobgoblin.

Vanquished Creatures
  Eustachio (D:4)
  An ogre (D:4)
  A scorpion (D:3)
  Ijyb (D:3)
  Jessica (D:3)
  3 adders
  A gnoll (D:4)
  A worm (D:1)
  2 dart slugs
  2 orcs
  8 bats
  6 endoplasms
  2 giant cockroaches
  7 goblins
  6 hobgoblins
  6 jackals (D:1)
  A quokka (D:1)
  7 ball pythons
  4 frilled lizards
  5 kobolds
  6 rats
72 creatures vanquished.

Notes
Turn   | Place    | Note
-------+----------+-------------------------------------------
     0 | D:1      | jimonade the Djinni Hedge Wizard began the quest for the
                  | Orb.
     0 | D:1      | jimonade set off with the following spells memorised: Magic
                  | Dart, Slow, Blink, Call Imp, Mephitic Cloud.
     0 | D:1      | Reached XP level 1. HP: 15/15 MP: 0/0
    86 | D:1      | Reached XP level 2. HP: 8/21 MP: 0/0
   210 | D:1      | Reached skill level 3 in Spellcasting
   362 | D:1      | Reached XP level 3. HP: 24/25 MP: 0/0
   362 | D:1      | Learned a level 1 spell: Sandblast
  1379 | D:2      | Reached XP level 4. HP: 28/31 MP: 0/0
  2272 | D:3      | Noticed a scorpion
  2282 | D:3      | Killed a scorpion
  2283 | D:3      | Reached skill level 4 in Spellcasting
  2283 | D:3      | Reached XP level 5. HP: 8/35 MP: 0/0
  2283 | D:3      | Learned a level 2 spell: Poisonous Vapours
  2456 | D:3      | Found a stormy altar of Qazlal.
  2937 | D:3      | Noticed Ijyb
  2940 | D:3      | Paralysed by Ijyb for 3 turns
  2945 | D:3      | Paralysed by Ijyb for 3 turns
  2952 | D:3      | Killed Ijyb
  3059 | D:3      | Noticed Jessica
  3064 | D:3      | Killed Jessica
  3065 | D:3      | Reached XP level 6. HP: 19/40 MP: 0/0
  3308 | D:4      | Noticed an ogre
  3326 | D:4      | Killed an ogre
  3327 | D:4      | Reached skill level 5 in Spellcasting
  3539 | D:4      | Noticed Eustachio
  3567 | D:4      | Killed Eustachio
  3568 | D:4      | Reached XP level 7. HP: 36/46 MP: 0/0
  3568 | D:4      | Learned a level 3 spell: Kindle Blastsparks
  3685 | D:4      | Noticed Dowan
  3687 | D:4      | Noticed Duvessa
  3697 | D:4      | HP: 2/46 [frozen (4)]
  3706 | D:4      | Killed from afar by Duvessa

Illustrated notes

Levels and vault maps discovered:
D:1:      dpeg_arrival_brainrot, layout_basic, minmay_misc_feat_diagonals,
          eino_curves_01, fountainhead
D:2:      layout_basic
D:3:      minmay_evil_eye, layout_rooms, grunt_qazlal_sundering, uniq_ijyb,
          uniq_jessica
D:4:      layout_loops_ring, uniq_grinder, uniq_duvessa, uniq_eustachio

Skill      XL: |  1  2  3  4  5  6 |
---------------+-------------------+-----
Spellcasting   | 3 4 5 |  5.8
Fighting       | |  0.3
Dodging        | |  2.5
Stealth        | |  1.5

Action                     |  1- 3 |  4- 6 |  7- 9 || total
---------------------------+-------+-------+-------++-------
  Melee: Dagger            |     1 |     2 |       ||     3
         Rapier            |       |       |     3 ||     3
   Cast: Magic Dart        |    82 |    36 |       ||   118
         Sandblast         |       |     4 |       ||     4
         Poisonous Vapours |       |    71 |       ||    71
         Blink             |       |       |     1 ||     1
 Armour: Robe              |     3 |     2 |     3 ||     8
  Dodge: Dodged            |     8 |    22 |    10 ||    40

Table legend: (Time is in decaauts)
 A = Elapsed time spent in this place.
 B = Non-inter-level travel time spent in this place.
 C = Inter-level travel time spent in this place.
 D = Time resting spent in this place.
 E = Time spent auto-exploring this place.
 F = Levels seen in this place.
 G = Mean time per level.
                   A        B        C        D        E       F      G
               +--------+--------+--------+--------+--------+-----+--------+
         Total |   3706 |   3514 |    192 |      0 |   2943 |   4 |  926.5 |
       Dungeon |   3706 |   3514 |    192 |      0 |   2943 |   4 |  926.5 |
               +--------+--------+--------+--------+--------+-----+--------+

Top non-repeatable levels by time:
     D:1: 1270 daAuts
     D:3: 1075 daAuts
     D:2: 919 daAuts
     D:4: 440 daAuts
